 Dungeon Crawl Stone Soup version 0.31-a0-202-g547052bce9 (webtiles) character file.

Game seed: 11236408176669887411

1398 qw the Skirmisher (level 8, -12/46 HPs)
             Began as a Deep Elf Hunter on June 26, 2023.
             Mangled by an ogre
             ... wielding a +0 giant spiked club
              (21 damage)
             ... on level 5 of the Dungeon.
             The game lasted 00:01:57 (3895 turns).

qw the Skirmisher (Deep Elf Hunter)                 Turns: 3895, Time: 00:01:57

Health: -12/46     AC: 12    Str: 10    XL:     8   Next: 41%
Magic:  10/10      EV: 13    Int: 15    God:
Gold:   253        SH:  0    Dex: 18    Spells: 7/7 levels left

rFire   . . .        c - +0 orcbow
rCold   . . .        (shield currently unavailable)
rNeg    . . .        l - +0 acid dragon scales
rPois   .            k - +2 hat
rElec   .            (no cloak)
rCorr   +            b - +2 pair of gloves
SInv    .            j - +0 pair of boots
Will    +....        (no amulet)
Stlth   ++           f - ring of willpower
HPRegen 0.27/turn    (no ring)
MPRegen 0.12/turn

%: no passive effects
@: about to teleport
A: no striking features
a: no special abilities


You were on level 5 of the Dungeon.
You visited 1 branch of the dungeon, and saw 5 of its levels.

You collected 253 gold pieces.


   Skills:
 - Level 3.4 Fighting
 + Level 12.8 Ranged Weapons
 - Level 1.3 Armour
 - Level 4.0 Dodging
 - Level 1.2 Stealth


You had 7 spell levels left.
You didn't know any spells.
Your spell library was empty.

Inventory:

Hand Weapons
 c - a +0 orcbow (weapon)
Armour
 b - a +2 pair of gloves (worn)
 j - a +0 pair of boots (worn)
 k - a +2 hat (worn)
 l - +0 acid dragon scales (worn)
Jewellery
 f - a ring of willpower (left hand)
 g - a ring of ice
Scrolls
 a - 2 scrolls of identify
 d - a scroll of teleportation
Potions
 e - a potion of cancellation
 h - a potion of might
 i - a potion of resistance {unknown}
 m - a potion of enlightenment {unknown}

Dungeon Overview and Level Annotations

Branches:
Dungeon (5/15)
 Temple: D:4-7

Altars:
Hepliaklqana


Message History

The arrow hits the iguana but does no damage.
The iguana is almost dead.
The dart slug briefly extends its eye-stalks.
The iguana barely misses you.
You shoot an arrow. The arrow closely misses the iguana.
The iguana closely misses you.
You shoot an arrow.
The arrow hits the iguana but does no damage.
The iguana is almost dead.
The iguana misses you.
You shoot an arrow. The arrow closely misses the iguana.
The iguana bites you.
You shoot an arrow.
The arrow hits the iguana but does no damage.
The iguana is almost dead.
The iguana barely misses you.
You shoot an arrow.
The arrow hits the iguana but does no damage.
The iguana is almost dead.
The iguana bites you.
You shoot an arrow. The arrow hits the iguana!
You kill the iguana!
You shoot an arrow. The arrow hits the dart slug.
The dart slug is severely wounded.
The dart slug launches a dart at you.
The slug dart hits you but does no damage.
You shoot an arrow. The arrow hits the dart slug!
You kill the dart slug!
You shoot an arrow. The arrow barely misses the ogre.
The ogre hits you with a +0 giant spiked club!!
You shoot an arrow. The arrow hits the ogre!
The ogre is moderately wounded.
The ogre hits you with a +0 giant spiked club!
3894 ||| READING 2 scrolls of teleportation.
As you read the scroll of teleportation, it crumbles to dust.
You feel strangely unstable.
You shoot an arrow. The arrow hits the ogre.
The ogre is heavily wounded.
The ogre hits you with a +0 giant spiked club!!
You die...

##### ## #...# .. +.8.# #. #...#
## #.#...###### ###. #O@8.'....#
#... #..#...####.# ####.## #..
#...# #.###....# #.. +.8.#
#.#...#### +. #...####...### #
#####....###
####################.#..# ######
........................# #.....
####################..#.####.###.


You could see an ogre.

Vanquished Creatures
  Pikel (D:4)
  Sigmund (D:3)
  A water moccasin (D:5)
  An ogre (D:3)
  2 lemures (D:4)
  A phantom (D:4)
  A water moccasin zombie (D:4)
  A bullfrog skeleton (D:4)
  An orc priest (D:4)
  4 iguanas
  2 orc wizards (D:4)
  A hound zombie (D:4)
  3 hound skeletons (D:4)
  3 gnolls
  3 adders
  An ufetubus (D:3)
  4 adder zombies (D:4)
  5 worms
  6 dart slugs
  10 orcs
  7 endoplasms
  3 giant cockroaches
  3 goblins
  8 hobgoblins
  5 jackals (D:1)
  7 quokkas
  6 ball pythons
  4 bats
  2 frilled lizards (D:2)
  8 kobolds
  3 rats
108 creatures vanquished.

Notes
Turn   | Place    | Note
-------+----------+-------------------------------------------
     0 | D:1      | qw the Deep Elf Hunter began the quest for the Orb.
     0 | D:1      | Reached XP level 1. HP: 12/12 MP: 3/3
     0 | D:1      | 0 ||| qw: Version: 0.3-a-22-g0ed2b0b
     0 | D:1      | 0 ||| qw: Game counter: 5914
     0 | D:1      | 0 ||| qw: Melee chars always use a shield: true
     0 | D:1      | 0 ||| qw: God list: Okawaru
     0 | D:1      | 0 ||| qw: Allow faded altars: false
     0 | D:1      | 0 ||| qw: Do Orc after clearing Dungeon:15 true
     0 | D:1      | 0 ||| qw: Do second Lair branch before Depths: true
     0 | D:1      | 0 ||| qw: Lair rune preference: random
     0 | D:1      | 0 ||| qw: Goals: Normal
     0 | D:1      | 0 ||| PLANNING D:1-11
   154 | D:1      | 154 ||| FLEEEEING.
   169 | D:1      | Reached skill level 6 in Ranged Weapons
   169 | D:1      | Reached XP level 2. HP: 16/16 MP: 4/4
   183 | D:1      | Found a faded altar of an unknown god.
   425 | D:1      | Reached XP level 3. HP: 19/20 MP: 5/5
   658 | D:1      | 658 ||| UPGRADING to +0 pair of boots.
   663 | D:1      | 663 ||| UPGRADING to +2 hat.
   668 | D:1      | 668 ||| UPGRADING to ring of willpower.
   669 | D:1      | 669 ||| READING 2 scrolls labelled YVOESO ZACEMY.
   670 | D:1      | 670 ||| READING scroll labelled OBOPE PAPNOFUCS.
   671 | D:1      | 671 ||| READING scroll labelled ARYPLI SAIMY.
   672 | D:1      | 672 ||| READING scroll labelled OLODA ZIGU.
   673 | D:1      | 673 ||| DROPPING scroll of butterflies.
   770 | D:2      | Reached skill level 7 in Ranged Weapons
  1088 | D:2      | Reached XP level 4. HP: 18/25 MP: 6/6
  1191 | D:2      | 1191 ||| READING 2 scrolls labelled KOVOIGH WOMP.
  1192 | D:2      | 1192 ||| READING 2 scrolls labelled MYEROG ZUI.
  1195 | D:2      | 1195 ||| READING scroll labelled RADAEMP LASUX.
  1196 | D:2      | 1196 ||| READING scroll labelled HIZXAH BETHRUU.
  1197 | D:2      | 1197 ||| DRINKING 2 murky emerald potions.
  1198 | D:2      | 1198 ||| DRINKING 2 ruby potions.
  1199 | D:2      | 1199 ||| DROPPING scroll of fear.
  1404 | D:3      | Found a hazy altar of Hepliaklqana.
  1609 | D:3      | Noticed Sigmund
  1620 | D:3      | Killed Sigmund
  1621 | D:3      | Reached skill level 9 in Ranged Weapons
  1621 | D:3      | Reached XP level 5. HP: 15/29 MP: 7/7
  2109 | D:3      | 2109 ||| READING 3 scrolls labelled PIASMEO MYREFER.
  2110 | D:3      | 2110 ||| READING 2 scrolls of identify.
  2110 | D:3      | 2110 ||| IDENTIFYING green potion
  2111 | D:3      | 2111 ||| DROPPING 2 scrolls of revelation.
  2112 | D:3      | 2112 ||| DROPPING potion of attraction.
  2139 | D:4      | Noticed an ogre
  2150 | D:4      | 2150 ||| STAIRDANCE
  2159 | D:3      | Killed an ogre
  2160 | D:3      | Reached skill level 3 in Dodging
  2160 | D:3      | Reached XP level 6. HP: 20/34 MP: 8/8
  2224 | D:4      | 2224 ||| STAIRDANCE
  2315 | D:4      | 2315 ||| FLEEEEING.
  2318 | D:4      | 2318 ||| FLEEEEING.
  2319 | D:4      | 2319 ||| FLEEEEING.
  2320 | D:4      | 2320 ||| FLEEEEING.
  2321 | D:4      | 2321 ||| FLEEEEING.
  2322 | D:4      | 2322 ||| FLEEEEING.
  2323 | D:4      | 2323 ||| FLEEEEING.
  2324 | D:4      | 2324 ||| FLEEEEING.
  2325 | D:4      | 2325 ||| FLEEEEING.
  2326 | D:4      | 2326 ||| FLEEEEING.
  2327 | D:4      | 2327 ||| FLEEEEING.
  2328 | D:4      | 2328 ||| FLEEEEING.
  2329 | D:4      | 2329 ||| FLEEEEING.
  2330 | D:4      | 2330 ||| STAIRDANCE
  2352 | D:3      | 2352 ||| UPGRADING to +2 pair of gloves.
  2357 | D:3      | 2357 ||| UPGRADING to +0 ring mail.
  2367 | D:3      | 2367 ||| DROPPING +0 leather armour.
  2371 | D:4      | 2371 ||| STAIRDANCE
  2473 | D:4      | Reached skill level 1 in Armour
  2476 | D:4      | Reached skill level 10 in Ranged Weapons
  2476 | D:4      | Reached XP level 7. HP: 40/40 MP: 9/9
  2774 | D:4      | Noticed Pikel
  2792 | D:4      | Killed Pikel
  2793 | D:4      | Reached skill level 12 in Ranged Weapons
  2793 | D:4      | Reached XP level 8. HP: 16/44 MP: 10/10
  3205 | D:4      | 3205 ||| UPGRADING to +0 acid dragon scales.
  3215 | D:4      | 3215 ||| DROPPING +0 ring mail.
  3216 | D:4      | 3216 ||| READING scroll labelled QASMIU ESANAMA.
  3218 | D:4      | 3218 ||| Stepping ~*~*~tactically~*~*~ (cloud).
  3322 | D:5      | Entered Level 5 of the Dungeon
  3382 | D:5      | 3382 ||| SWAPPING to +0 orcbow.
  3383 | D:5      | 3383 ||| DROPPING +1 shortbow.
  3871 | D:5      | Reached skill level 3 in Fighting
  3893 | D:5      | HP: 8/46 [ogre/+0 giant spiked club (7)]
  3894 | D:5      | 3894 ||| READING 2 scrolls of teleportation.
  3895 | D:5      | Mangled by an ogre

Levels and vault maps discovered:
D:1:      amcnicky_arrival_feature_with_door, layout_basic,
          shapermc_ecumenical_altar_ellora
D:2:      layout_basic
D:3:      layout_loops_corners, nicolae_overflow_crystal_walls, uniq_sigmund
D:4:      layout_cave_pools, serial_undead, serial_undead_c, serial_undead_d,
          serial_undead_e, serial_undead_e, serial_undead_a, serial_undead_c,
          serial_undead_c, uniq_pikel
D:5:      minmay_chambers_of_threes, layout_basic

Skill      XL: |  1  2  3  4  5  6  7  8 |
---------------+-------------------------+-----
Ranged Weapons | 6 7 9 10 12 | 12.8
Dodging        | 3 4 |  4.0
Fighting       | 2 3 |  3.4
Armour         | 1 |  1.3
Stealth        | |  1.2

Action                     |  1- 3 |  4- 6 |  7- 9 || total
---------------------------+-------+-------+-------++-------
   Fire: Shortbow          |   140 |   126 |   152 ||   418
         Orcbow            |       |       |    62 ||    62
    Use: Scroll            |     4 |     6 |     2 ||    12
         Potion            |       |     2 |       ||     2
 Armour: Leather armour    |    11 |    11 |       ||    22
         Ring mail         |       |    12 |    35 ||    47
         Acid dragon scale |       |       |    12 ||    12
  Dodge: Dodged            |    21 |    44 |    76 ||   141

Table legend:
 A = Non-vault XP
 B = Vault XP
 C = Vault XP percentage of total XP
 D = Non-vault monster count
 E = Vault monster count
 F = Vault count percentage of total count
                 A         B        C        D         E       F
            +---------+---------+-------+---------+---------+-------
      Total |     568 |    1430 |  71.6 |      88 |      18 |  17.0
            +---------+---------+-------+---------+---------+-------
        D:1 |      48 |       0 |   0.0 |      24 |       0 |   0.0
        D:2 |      59 |       0 |   0.0 |      23 |       0 |   0.0
        D:3 |     170 |     231 |  57.6 |      10 |       1 |   9.1
        D:4 |     231 |     968 |  80.7 |      26 |      12 |  31.6
        D:5 |      60 |     231 |  79.4 |       5 |       5 |  50.0
            +---------+---------+-------+---------+---------+-------
